General information
- name: BNet
- type: Ladder team game (AT/RT)
- host: Battle.net
- saver: BEAR_AND
map: UpperKingdom
- players: 6
- length: 45:01
- speed: Fast
- version: 1.21 W3XP
- replay type:

» download(265 KB)
Players
team 1 (winner)
BEAR_AND (
red | 83 APM | 3716 actions | 45:01)
5 Archmage
3 Blizzard
2 Brilliance Aura
5 Mountain King
3 Storm Bolt
2 Bash
4 Paladin
2 Holy Light
2 Divine Shield
» actions
| Assign group hotkey | 9 | |
| Basic commands | 8 | |
| Build / train | 155 | |
| Enter build submenu | 87 | |
| Enter hero's abilities submenu | 16 | |
| Give item / drop item | 2 | |
| Remove unit from queue | 6 | |
| Right click | 1915 | |
| Select / deselect | 625 | |
| Select group hotkey | 562 | |
| Use ability | 330 | |
3716 total
» units
| Peasant | 13 | |
| Priest | 1 | |
| Dragonhawk Rider | 3 | |
17 total
» upgrades
| Masonry | 3 | |
| Magic Sentry | 1 | |
| Priest Training | 2 | |
| Lumber Harvesting | 2 | |
| Cloud | 1 | |
| Swords | 3 | |
| Armor | 3 | |
| Animal War Training | 1 | |
| Backpack | 1 | |
| Storm Hammers | 1 | |
| Sorceress Training | 1 | |
| Control Magic | 1 | |
| Plating | 1 | |
| Gunpowder | 1 | |
| Defend | 1 | |
| Long Rifles | 1 | |
24 total
» buildings
| Altar of Kings | 1 | |
| Lumber Mill | 1 | |
| Farm | 6 | |
| Scout Tower | 150 | |
| Arcane Tower | 12 | |
| Guard Tower | 66 | |
| Keep | 1 | |
| Town Hall | 1 | |
| Arcane Sanctum | 1 | |
| Castle | 1 | |
| Arcane Vault | 5 | |
| Gryphon Aviary | 3 | |
| Blacksmith | 1 | |
| Barracks | 1 | |
250 total
» build order
00:05 Altar of Kings
00:14 Lumber Mill
00:33 Farm
01:07 Farm
01:18 Scout Tower
01:31 Scout Tower
01:38 Scout Tower
01:42 Scout Tower
01:45 Arcane Tower
01:45 Arcane Tower
01:51 Scout Tower
02:00 Guard Tower
02:01 Guard Tower
02:01 Guard Tower
02:19 Guard Tower
02:23 Arcane Tower
02:23 Arcane Tower
02:23 Arcane Tower
02:47 Guard Tower
02:48 Scout Tower
03:00 Scout Tower
03:24 Scout Tower
03:25 Scout Tower
03:26 Scout Tower
03:27 Scout Tower
03:32 Guard Tower
03:34 Scout Tower
03:35 Scout Tower
03:35 Scout Tower
03:36 Scout Tower
03:53 Guard Tower
03:53 Guard Tower
04:05 Guard Tower
04:15 Keep
04:19 Guard Tower
04:24 Guard Tower
04:26 Scout Tower
04:27 Scout Tower
04:28 Scout Tower
04:37 Guard Tower
04:38 Guard Tower
04:44 Scout Tower
04:49 Scout Tower
04:52 Guard Tower
05:02 Farm
05:02 Farm
05:03 Farm
05:06 Guard Tower
05:10 Scout Tower
05:11 Scout Tower
05:14 Guard Tower
05:18 Guard Tower
05:20 Scout Tower
05:21 Scout Tower
05:22 Scout Tower
05:25 Scout Tower
05:26 Scout Tower
05:32 Farm
05:34 Scout Tower
05:37 Scout Tower
05:39 Scout Tower
05:40 Scout Tower
05:41 Scout Tower
05:49 Guard Tower
05:57 Guard Tower
06:05 Guard Tower
06:10 Scout Tower
06:12 Scout Tower
06:13 Scout Tower
06:18 Guard Tower
06:20 Guard Tower
06:52 Town Hall
06:56 Scout Tower
06:57 Scout Tower
06:58 Scout Tower
07:00 Scout Tower
07:02 Guard Tower
07:16 Scout Tower
07:18 Scout Tower
07:20 Guard Tower
07:25 Scout Tower
07:26 Scout Tower
07:27 Scout Tower
07:29 Guard Tower
07:54 Guard Tower
07:54 Guard Tower
08:14 Arcane Tower
08:19 Guard Tower
08:22 Guard Tower
08:29 Scout Tower
08:31 Scout Tower
08:55 Guard Tower
09:00 Scout Tower
09:00 Scout Tower
09:01 Scout Tower
09:02 Guard Tower
09:05 Scout Tower
09:06 Scout Tower
09:15 Arcane Sanctum
09:25 Guard Tower
09:26 Guard Tower
10:26 Guard Tower
10:33 Scout Tower
10:34 Scout Tower
10:37 Scout Tower
10:39 Scout Tower
10:43 Guard Tower
10:51 Scout Tower
10:53 Scout Tower
10:54 Scout Tower
11:08 Guard Tower
11:18 Guard Tower
11:18 Guard Tower
11:35 Castle
11:42 Guard Tower
11:48 Guard Tower
12:26 Guard Tower
12:33 Guard Tower
12:48 Guard Tower
13:21 Guard Tower
13:41 Arcane Vault
13:43 Arcane Vault
13:58 Scout Tower
13:58 Scout Tower
13:59 Scout Tower
14:01 Scout Tower
14:01 Scout Tower
15:05 Guard Tower
15:12 Scout Tower
15:13 Scout Tower
15:14 Scout Tower
15:14 Scout Tower
15:41 Gryphon Aviary
15:42 Gryphon Aviary
15:44 Gryphon Aviary
16:25 Arcane Vault
16:57 Guard Tower
17:00 Guard Tower
17:38 Blacksmith
17:40 Barracks
18:08 Scout Tower
18:09 Scout Tower
18:09 Scout Tower
18:10 Scout Tower
18:39 Guard Tower
18:41 Scout Tower
18:41 Scout Tower
18:42 Scout Tower
18:42 Scout Tower
19:56 Guard Tower
19:58 Scout Tower
19:59 Scout Tower
20:00 Scout Tower
20:00 Scout Tower
20:01 Scout Tower
20:02 Scout Tower
20:03 Scout Tower
20:03 Scout Tower
20:22 Arcane Vault
20:25 Arcane Vault
21:01 Guard Tower
21:39 Scout Tower
21:40 Scout Tower
21:46 Guard Tower
21:48 Scout Tower
21:48 Scout Tower
21:49 Scout Tower
21:50 Scout Tower
22:27 Guard Tower
22:38 Scout Tower
22:38 Scout Tower
22:39 Scout Tower
22:39 Scout Tower
22:44 Guard Tower
22:54 Scout Tower
22:54 Scout Tower
22:55 Scout Tower
22:56 Scout Tower
22:57 Scout Tower
22:58 Scout Tower
23:25 Guard Tower
23:27 Scout Tower
23:29 Scout Tower
23:31 Scout Tower
23:33 Scout Tower
23:34 Scout Tower
24:01 Scout Tower
24:02 Scout Tower
24:02 Scout Tower
24:03 Scout Tower
24:05 Scout Tower
24:05 Scout Tower
24:06 Scout Tower
24:07 Scout Tower
24:08 Scout Tower
24:10 Scout Tower
24:11 Scout Tower
24:12 Scout Tower
24:13 Scout Tower
24:13 Scout Tower
24:15 Guard Tower
24:49 Guard Tower
25:18 Guard Tower
25:55 Guard Tower
25:58 Guard Tower
26:29 Guard Tower
28:09 Scout Tower
28:10 Scout Tower
28:11 Scout Tower
28:11 Scout Tower
28:12 Scout Tower
28:12 Scout Tower
28:13 Scout Tower
28:14 Scout Tower
28:20 Scout Tower
28:22 Scout Tower
28:22 Scout Tower
28:24 Scout Tower
28:25 Scout Tower
28:53 Guard Tower
29:45 Guard Tower
30:38 Guard Tower
32:52 Guard Tower
33:14 Scout Tower
33:15 Scout Tower
33:16 Scout Tower
36:13 Guard Tower
37:49 Scout Tower
37:49 Scout Tower
37:50 Scout Tower
37:52 Scout Tower
37:52 Scout Tower
37:53 Scout Tower
37:54 Scout Tower
37:55 Scout Tower
37:56 Scout Tower
37:58 Scout Tower
37:59 Scout Tower
38:00 Scout Tower
38:02 Scout Tower
38:44 Arcane Tower
39:02 Arcane Tower
39:30 Scout Tower
39:33 Arcane Tower
39:35 Scout Tower
40:03 Arcane Tower
40:04 Scout Tower
40:41 Arcane Tower
» items
| Staff of Sanctuary | 4 | |
| Mechanical Critter | 2 | |
| Orb of Lightning | 2 | |
| Orb of Venom | 1 | |
9 total
dirtmcwordup (
yellow | 69 APM | 3126 actions | 45:00)
5 Warden
3 Shadow Strike
2 Blink
4 Dark Ranger
2 Life Drain
2 Silence
4 Goblin Alchemist
2 Healing Spray
2 Chemical Rage
» actions
| Assign group hotkey | 4 | |
| Basic commands | 113 | |
| Build / train | 105 | |
| ESC pressed | 1 | |
| Enter build submenu | 22 | |
| Enter hero's abilities submenu | 14 | |
| Give item / drop item | 8 | |
| Right click | 1323 | |
| Select / deselect | 225 | |
| Select group hotkey | 1168 | |
| Use ability | 143 | |
3126 total
» units
» upgrades
| Ultravision | 1 | |
| Nature's Blessing | 1 | |
| Well Spring | 1 | |
| Strength of the Wild | 3 | |
| Reinforced Hides | 3 | |
| Druid of the Talon Training | 2 | |
| Strength of the Moon | 3 | |
| Moon Armor | 3 | |
| Hippogryph Taming | 1 | |
| Backpack | 1 | |
| Corrosive Breath | 1 | |
| Improved Bows | 1 | |
| Sentinel | 1 | |
| Upgrade Moon Glaive | 1 | |
| Marksmanship | 1 | |
| Vorpal Blades | 1 | |
| Abolish Magic | 1 | |
| Druid of the Claw Training | 2 | |
| Resistant Skin | 1 | |
| Hardened Skin | 1 | |
| Mark of the Talon | 1 | |
| Mark of the Claw | 1 | |
32 total
» buildings
| Altar of Elders | 1 | |
| Moon Well | 12 | |
| Tree of Ages | 1 | |
| Ancient of Wonders | 1 | |
| Hunter's Hall | 1 | |
| Tree of Life | 4 | |
| Ancient of Wind | 1 | |
| Tree of Eternity | 1 | |
| Ancient of War | 1 | |
| Ancient of Lore | 1 | |
| Chimaera Roost | 1 | |
25 total
» build order
00:07 Altar of Elders
00:19 Moon Well
00:48 Moon Well
05:52 Tree of Ages
05:55 Ancient of Wonders
05:57 Moon Well
06:00 Hunter's Hall
06:05 Moon Well
07:11 Tree of Life
08:19 Ancient of Wind
08:20 Tree of Eternity
09:20 Moon Well
09:22 Moon Well
10:15 Tree of Life
11:15 Moon Well
11:16 Moon Well
11:18 Moon Well
11:18 Moon Well
11:28 Tree of Life
15:41 Tree of Life
18:42 Moon Well
18:43 Moon Well
32:51 Ancient of War
32:53 Ancient of Lore
32:56 Chimaera Roost
» items
| Orb of Venom | 1 | |
| Orb of Lightning | 2 | |
| Staff of Sanctuary | 3 | |
| Scroll of Town Portal | 1 | |
7 total
iggy_the_fisk (
green | 78 APM | 3512 actions | 45:00)
6 Blademaster
3 Wind Walk
2 Critical Strike
1 Bladestorm
4 Shadow Hunter
2 Hex
2 Healing Wave
3 Tauren Chieftain
2 Shockwave
1 Endurance Aura
» actions
| Assign group hotkey | 84 | |
| Basic commands | 24 | |
| Build / train | 105 | |
| Enter build submenu | 67 | |
| Enter hero's abilities submenu | 13 | |
| Give item / drop item | 7 | |
| Remove unit from queue | 2 | |
| Right click | 1832 | |
| Select / deselect | 431 | |
| Select group hotkey | 681 | |
| Use ability | 266 | |
3512 total
» units
» upgrades
| Spiked Barricades | 2 | |
| Liquid Fire | 1 | |
| Reinforced Defenses | 1 | |
| Ranged Weapons | 2 | |
| Armor | 3 | |
| Pillage | 1 | |
| Backpack | 1 | |
| Envenomed Spears | 1 | |
| Ensnare | 1 | |
| War Drums Damage Increase | 1 | |
| Melee Weapons | 2 | |
| Shaman Training | 1 | |
| Witch Doctor Training | 1 | |
| Spirit Walker Training | 1 | |
| Pulverize | 1 | |
20 total
» buildings
| War Mill | 2 | |
| Altar of Storms | 1 | |
| Orc Burrow | 4 | |
| Watch Tower | 49 | |
| Stronghold | 1 | |
| Voodoo Lounge | 4 | |
| Beastiary | 2 | |
| Fortress | 1 | |
| Spirit Lodge | 1 | |
| Tauren Totem | 1 | |
| Barracks | 1 | |
67 total
» build order
00:05 War Mill
00:06 Altar of Storms
00:19 Orc Burrow
00:51 War Mill
02:02 Watch Tower
02:17 Watch Tower
02:53 Watch Tower
02:56 Watch Tower
03:18 Stronghold
03:34 Watch Tower
03:36 Watch Tower
04:05 Watch Tower
04:09 Watch Tower
04:38 Watch Tower
04:41 Watch Tower
04:44 Watch Tower
05:02 Orc Burrow
05:14 Voodoo Lounge
05:49 Watch Tower
05:57 Watch Tower
06:04 Beastiary
06:09 Beastiary
06:22 Watch Tower
06:30 Watch Tower
07:08 Watch Tower
07:36 Orc Burrow
08:38 Watch Tower
08:40 Watch Tower
09:01 Orc Burrow
09:06 Watch Tower
10:24 Fortress
10:44 Watch Tower
12:01 Watch Tower
12:39 Watch Tower
13:06 Voodoo Lounge
13:46 Watch Tower
14:03 Voodoo Lounge
14:09 Watch Tower
14:18 Watch Tower
15:28 Watch Tower
15:37 Watch Tower
17:04 Watch Tower
17:11 Watch Tower
17:14 Watch Tower
18:33 Watch Tower
19:18 Voodoo Lounge
19:20 Watch Tower
21:35 Watch Tower
21:41 Watch Tower
23:10 Watch Tower
23:49 Watch Tower
24:51 Watch Tower
24:57 Watch Tower
25:56 Watch Tower
26:03 Watch Tower
28:31 Watch Tower
31:43 Watch Tower
32:51 Watch Tower
35:04 Watch Tower
36:25 Watch Tower
36:26 Watch Tower
36:27 Watch Tower
39:45 Watch Tower
39:46 Watch Tower
41:08 Spirit Lodge
41:14 Tauren Totem
41:16 Barracks
» items
| Potion of Mana | 1 | |
| Potion of Healing | 1 | |
| Lesser Clarity Potion | 5 | |
| Moonstone | 1 | |
| Healing Salve | 2 | |
| Staff of Sanctuary | 3 | |
| Orb of Lightning | 3 | |
| Scroll of Town Portal | 6 | |
| Scroll of Regeneration | 1 | |
23 total
team 2 (loser)

»
BiGoDiNhO_12 (
orange | 52 APM | 2350 actions | 44:59)
4 Dreadlord
2 Sleep
2 Vampiric Aura
» actions
| Assign group hotkey | 12 | |
| Build / train | 94 | |
| Enter build submenu | 24 | |
| Enter hero's abilities submenu | 4 | |
| Remove unit from queue | 2 | |
| Right click | 1332 | |
| Select / deselect | 571 | |
| Select group hotkey | 64 | |
| Use ability | 247 | |
2350 total
» units
| Acolyte | 10 | |
| Ghoul | 12 | |
| Meatwagon | 15 | |
| Necromancer | 22 | |
| Obsidian Statue | 1 | |
| Abomination | 3 | |
63 total
» upgrades
| Unholy Strength | 2 | |
| Necromancer Training | 2 | |
| Skeletal Longevity | 1 | |
| Unholy Armor | 2 | |
| Exhume Corpses | 1 | |
| Skeletal Mastery | 1 | |
9 total
» buildings
| Altar of Darkness | 1 | |
| Crypt | 1 | |
| Ziggurat | 11 | |
| Nerubian Tower | 1 | |
| Graveyard | 1 | |
| Tomb of Relics | 1 | |
| Halls of the Dead | 1 | |
| Spirit Tower | 4 | |
| Temple of the Damned | 2 | |
| Slaughterhouse | 2 | |
| Black Citadel | 1 | |
26 total
» build order
00:07 Altar of Darkness
00:11 Crypt
00:19 Ziggurat
00:30 Ziggurat
02:23 Ziggurat
03:05 Ziggurat
03:51 Ziggurat
03:53 Nerubian Tower
04:05 Graveyard
04:38 Tomb of Relics
06:01 Halls of the Dead
06:12 Spirit Tower
06:13 Spirit Tower
08:24 Temple of the Damned
08:29 Temple of the Damned
08:32 Slaughterhouse
09:10 Slaughterhouse
09:21 Ziggurat
10:17 Ziggurat
11:57 Black Citadel
12:07 Ziggurat
12:29 Spirit Tower
13:37 Spirit Tower
13:41 Ziggurat
31:49 Ziggurat
39:12 Ziggurat
» items
| Rod of Necromancy | 1 | |
| Orb of Corruption | 2 | |
| Scroll of Healing | 3 | |
| Potion of Mana | 1 | |
| Potion of Healing | 1 | |
8 total

»
guilhermemellok (
purple | 35 APM | 1578 actions | 44:56)
3 Death Knight
2 Death Coil
1 Unholy Aura
2 Lich
1 Dark Ritual
1 Frost Nova
2 Dreadlord
1 Vampiric Aura
1 Sleep
» actions
| Assign group hotkey | 43 | |
| Build / train | 128 | |
| Enter build submenu | 29 | |
| Enter hero's abilities submenu | 7 | |
| Give item / drop item | 1 | |
| Remove unit from queue | 3 | |
| Right click | 398 | |
| Select / deselect | 376 | |
| Select group hotkey | 500 | |
| Use ability | 93 | |
1578 total
» units
| Acolyte | 33 | |
| Ghoul | 7 | |
| Crypt Fiend | 16 | |
| Obsidian Statue | 3 | |
| Gargoyle | 3 | |
| Frost Wyrm | 8 | |
| Abomination | 2 | |
| Meatwagon | 1 | |
73 total
» upgrades
| Creature Attack | 3 | |
| Creature Carapace | 4 | |
| Web | 1 | |
| Freezing Breath | 1 | |
| Skeletal Mastery | 1 | |
| Skeletal Longevity | 1 | |
| Disease Cloud | 1 | |
| Destroyer Form | 1 | |
| Exhume Corpses | 1 | |
| Unholy Armor | 2 | |
| Unholy Strength | 2 | |
| Cannibalize | 1 | |
| Ghoul Frenzy | 1 | |
20 total
» buildings
| Altar of Darkness | 1 | |
| Ziggurat | 16 | |
| Crypt | 1 | |
| Graveyard | 1 | |
| Spirit Tower | 16 | |
| Halls of the Dead | 1 | |
| Slaughterhouse | 1 | |
| Tomb of Relics | 1 | |
| Black Citadel | 1 | |
| Sacrificial Pit | 1 | |
| Temple of the Damned | 1 | |
| Boneyard | 1 | |
42 total
» build order
00:23 Altar of Darkness
00:31 Ziggurat
00:54 Crypt
01:05 Graveyard
01:21 Ziggurat
01:53 Ziggurat
02:32 Spirit Tower
05:53 Ziggurat
06:34 Ziggurat
07:11 Spirit Tower
07:36 Spirit Tower
08:17 Halls of the Dead
12:08 Slaughterhouse
12:30 Tomb of Relics
13:21 Ziggurat
13:35 Ziggurat
14:07 Ziggurat
14:22 Spirit Tower
15:09 Spirit Tower
15:25 Spirit Tower
15:26 Spirit Tower
16:18 Black Citadel
16:33 Spirit Tower
16:42 Sacrificial Pit
17:07 Temple of the Damned
17:30 Ziggurat
19:16 Boneyard
20:51 Spirit Tower
21:49 Ziggurat
24:10 Spirit Tower
25:30 Ziggurat
26:41 Spirit Tower
28:22 Ziggurat
29:01 Ziggurat
29:52 Spirit Tower
30:21 Ziggurat
31:02 Ziggurat
31:14 Spirit Tower
31:46 Spirit Tower
32:19 Spirit Tower
32:50 Ziggurat
39:41 Spirit Tower
» items
| Orb of Corruption | 2 | |
| Scroll of Town Portal | 1 | |
3 total
Tiaguinho11 (
blue | 40 APM | 1768 actions | 44:41)
4 Mountain King
2 Storm Bolt
2 Bash
3 Paladin
2 Holy Light
1 Devotion Aura
3 Archmage
2 Summon Water Elemental
1 Brilliance Aura
» actions
| Assign group hotkey | 57 | |
| Build / train | 128 | |
| Enter build submenu | 38 | |
| Enter hero's abilities submenu | 10 | |
| Remove unit from queue | 4 | |
| Right click | 537 | |
| Select / deselect | 349 | |
| Select group hotkey | 547 | |
| Use ability | 97 | |
1768 total
» units
| Peasant | 25 | |
| Footman | 8 | |
| Rifleman | 1 | |
| Gryphon Rider | 26 | |
| Knight | 5 | |
| Mortar Team | 2 | |
| Dragonhawk Rider | 4 | |
| Siege Engine | 9 | |
80 total
» upgrades
| Masonry | 2 | |
| Lumber Harvesting | 2 | |
| Swords | 3 | |
| Plating | 2 | |
| Armor | 3 | |
| Storm Hammers | 1 | |
| Fragmentation Shards | 1 | |
| Cloud | 1 | |
| Gunpowder | 1 | |
| Barrage | 1 | |
| Animal War Training | 1 | |
18 total
» buildings
| Altar of Kings | 1 | |
| Farm | 13 | |
| Barracks | 1 | |
| Lumber Mill | 1 | |
| Scout Tower | 13 | |
| Guard Tower | 10 | |
| Keep | 1 | |
| Blacksmith | 1 | |
| Castle | 1 | |
| Gryphon Aviary | 2 | |
| Workshop | 2 | |
| Town Hall | 1 | |
| Arcane Vault | 1 | |
48 total
» build order
00:23 Altar of Kings
00:38 Farm
00:51 Barracks
01:16 Farm
01:33 Lumber Mill
01:52 Farm
01:58 Scout Tower
02:28 Scout Tower
02:36 Farm
03:00 Scout Tower
04:21 Guard Tower
04:24 Guard Tower
04:26 Guard Tower
05:12 Farm
05:35 Scout Tower
05:37 Keep
06:13 Guard Tower
06:18 Scout Tower
06:23 Farm
06:55 Scout Tower
06:57 Guard Tower
08:09 Farm
08:16 Blacksmith
08:17 Castle
09:16 Gryphon Aviary
09:49 Workshop
10:17 Guard Tower
11:10 Gryphon Aviary
12:15 Town Hall
13:20 Farm
14:19 Farm
15:03 Farm
16:46 Farm
19:49 Arcane Vault
19:54 Farm
21:38 Farm
29:58 Scout Tower
30:03 Scout Tower
30:06 Scout Tower
30:09 Scout Tower
30:39 Guard Tower
30:41 Guard Tower
30:42 Guard Tower
30:44 Guard Tower
30:48 Scout Tower
30:51 Scout Tower
32:00 Scout Tower
36:27 Workshop
» items
Chat log
(02:47 / All) iggy_the_fisk: gg
(20:40 / All) BEAR_AND: hi
(20:40 / All) BEAR_AND: from?
(32:19 / All) BEAR_AND: why?!????????
(32:27 / All) iggy_the_fisk: plz no towerlame...
(32:34 / All) BEAR_AND: fuck tower
(35:27 / Allies) iggy_the_fisk: gold
(39:58 / Allies) BEAR_AND: bob and weave